 Dungeon Crawl Stone Soup version 0.20.0-10-g0535bb4 (console) character file.

315 removed the Cutter (level 6, 0/42 HPs)
             Began as a Halfling Air Elementalist on June 6, 2017.
             Was a Follower of Uskayaw.
             Slain by Prince Ribbit (12 damage)
             ... on level 5 of the Dungeon.
             The game lasted 00:06:49 (3865 turns).

removed the Cutter (Halfling Air Elementalist)      Turns: 3865, Time: 00:06:51

Health: 0/42       AC:  5    Str:  9    XL:     6   Next: 72%
Magic:  8/8        EV: 17    Int: 13    God:    Uskayaw [*.....]
Gold:   238        SH:  0    Dex: 17    Spells: 7/8 levels left

rFire    . . .     SeeInvis .   a - +2 dagger (venom)
rCold    . . .     Gourm    .   (shield restricted)
rNeg     . . .     Faith    +   k - +0 robe
rPois    .         Spirit   .   (no helmet)
rElec    .         Reflect  .   v - +2 cloak
rCorr    .         Harm     .   (no gloves)
MR       .....                  (no boots)
Stlth    ++........             e - amulet of faith
Regen    0.2/turn               (no ring)
MPRegen  0.2/turn               (no ring)

@: no status effects
A: mutation resistance 1
a: Stomp, Renounce Religion


You were on level 5 of the Dungeon.
You worshipped Uskayaw.
Uskayaw was noncommittal.
You were not hungry.

You visited 1 branch of the dungeon, and saw 5 of its levels.

You collected 238 gold pieces.

Inventory:

Hand Weapons
 a - a +2 dagger of venom (weapon)
 f - a +0 dagger
Missiles
 o - 8 needles of sleeping
Armour
 k - a +0 robe (worn)
 v - a +2 cloak (worn)
Jewellery
 e - an amulet of faith (around neck)
 y - a +2 amulet of reflection {unknown}
Scrolls
 g - 4 scrolls of remove curse {unknown}
 h - a scroll of amnesia {unknown}
 i - 3 scrolls of teleportation {unknown}
 j - a scroll of immolation {unknown}
 s - 4 scrolls of identify {unknown}
 t - 2 scrolls of blinking {unknown}
 B - a scroll of fog {unknown}
Potions
 m - 2 potions of curing {unknown}
 n - 2 potions of brilliance {unknown}
 p - a potion of berserk rage {unknown}
 q - a potion of heal wounds {unknown}
 r - 2 potions of mutation {unknown}
 x - a potion of flight {unknown}
 z - a potion of invisibility {unknown}
Books
 b - a book of Air

   Spells                             Type                      Level
   a - Shock                          Conjuration/Air              1
   b - Swiftness                      Charms/Air                   2
   c - Static Discharge               Conjuration/Air              3
   d - Airstrike                      Air                          4
   e - Lightning Bolt                 Conjuration/Air              5
Comestibles
 c - 4 bread rations
 u - 3 meat rations
 A - 2 royal jellies
 C - a chunk of flesh


   Skills:
 - Level 3.1 Fighting
 + Level 4.4 Short Blades
 - Level 4.1 Dodging
 - Level 2.1 Stealth
 - Level 1.5 Spellcasting
 - Level 0.7 Conjurations
 - Level 3.0 Air Magic


You had 7 spell levels left.
You knew the following spells:

 Your Spells              Type           Power        Failure   Level  Hunger
a - Shock                 Conj/Air       #...         12%         1    ##.....


Dungeon Overview and Level Annotations

Branches:
Dungeon (4/15)
 Temple: D:4-7

Altars:
Qazlal
Uskayaw
Vehumet

Annotations:
D:4 maniacrov's ghost, novice MfGl
D:5 Prince Ribbit


Innate Abilities, Weirdness & Mutations

You are small and have problems with some larger weapons.
You are somewhat resistant to further mutation.


Message History

Found 18 sling bullets.
Found a runed spear.
You now have 238 gold pieces (gained 16).
You see here 18 sling bullets.
A jelly comes into view.
Prince Ribbit comes into view.
Prince Ribbit gives a loud, deep croak!
The jelly quivers.
Prince Ribbit hits you!
Okay, then.
Okay, then.
Prince Ribbit misses you.
Prince Ribbit blinks!
Prince Ribbit hits you. Prince Ribbit hits you! Prince Ribbit hits you!
* * * LOW HITPOINT WARNING * * *
Prince Ribbit barely misses you.
The jelly jiggles.
Prince Ribbit hits you!
You die...

####.....##.......#
...#.....##.##.##.#
#..#.....##.##.##.# .#
#..########.##.##.#
...#..# #.##.##.#
......# #.##.##.#
......########.......#
.....#......#####.####
#......####..J.F@.#
####.### ######### #.
.. ###


You could see Prince Ribbit and a jelly.

Vanquished Creatures
  A crimson imp (D:5)
  A centaur skeleton (D:4)
  A hound (D:4)
  2 worker ants (D:4)
  2 hound skeletons (D:4)
  A gnoll (D:2)
  6 adders
  5 worms
  3 dart slugs (D:1)
  2 leopard geckos
  An orc (D:3)
  A ball python (D:2)
  4 giant cockroaches
  8 goblins
  6 hobgoblins
  3 quokkas
  9 bats
  3 frilled lizards
  11 kobolds
  8 rats
78 creatures vanquished.

Vanquished Creatures (others)
  2 gnolls (D:2)
  A plant (D:2)
3 creatures vanquished.

Grand Total: 81 creatures vanquished

Notes
Turn   | Place    | Note
-------+----------+-------------------------------------------
     0 | D:1      | removed the Halfling Air Elementalist began the quest for the Orb.
     0 | D:1      | Reached XP level 1. HP: 11/11 MP: 3/3
   138 | D:1      | Reached skill level 1 in Fighting
   139 | D:1      | Reached XP level 2. HP: 15/18 MP: 0/4
   578 | D:1      | Reached XP level 3. HP: 20/24 MP: 5/5
  1102 | D:2      | Found a stormy altar of Qazlal.
  1141 | D:2      | Reached XP level 4. HP: 24/30 MP: 6/6
  2154 | D:3      | Reached XP level 5. HP: 36/36 MP: 7/7
  2312 | D:3      | Found a radiant altar of Vehumet.
  2593 | D:3      | Found a hide-covered altar of Uskayaw.
  2620 | D:3      | Became a worshipper of Uskayaw the Reveler
  2869 | D:3      | Reached * piety under Uskayaw
  3007 | D:4      | Reached ** piety under Uskayaw
  3012 | D:4      | Reached skill level 1 in Short Blades
  3115 | D:4      | Reached XP level 6. HP: 41/42 MP: 8/8
  3137 | D:4      | Noticed an ogre
  3250 | D:4      | Reached *** piety under Uskayaw
  3265 | D:4      | Noticed maniacrov's ghost (novice MfGl)
  3675 | D:4      | Noticed an ogre
  3736 | D:3      | You fall through a shaft for 2 floors!
  3736 | D:5      | Entered Level 5 of the Dungeon
  3854 | D:5      | Noticed Prince Ribbit
  3865 | D:5      | Slain by Prince Ribbit

Skill      XL: |  1  2  3  4  5  6 |
---------------+-------------------+-----
Fighting       | 1 2 3 |  3.1
Dodging        | 3 4 |  4.1
Short Blades   | 2 4 |  4.4
Stealth        | |  2.1
Spellcasting   | |  1.5
Conjurations   | |  0.7
Air Magic      | |  3.0

Action                   |  1- 3 |  4- 6 || total
-------------------------+-------+-------++-------
Melee: Unarmed           |     3 |       ||     3
       Dagger            |    62 |   172 ||   234
 Cast: Shock             |    14 |       ||    14
 Stab: Sleeping          |     7 |     8 ||    15
       Paralysed         |       |     1 ||     1
  Eat: Chunk             |     1 |     9 ||    10
Armor: Robe              |     6 |    32 ||    38
Dodge: Dodged            |    47 |   128 ||   175
